TOP OF THE 1ST |
Erie SeaWolves batting - Pitching for Arkansas Travelers : RHP Harambe Vick
|
Pitching: RHP Harambe Vick
|
|
Batting: SHB Adam Weber
|
0-0: Ball 1-0: Called Strike 1-1: SINGLE (Groundball, 23, EV 75.0 MPH) (infield hit)
|
Batting: LHB Freddy Troncoso
|
0-0: Called Strike 0-1: Foul Ball, location: 2F 0-2: Strikes out swinging
|
Batting: RHB Joel Miller
|
0-0: Called Strike 0-1: Ball 1-1: Called Strike 1-2: Ball 2-2: Strikes out looking
|
Batting: RHB Eric Angelle
|
0-0: Called Strike 0-1: Ball 1-1: Called Strike 1-2: Ball 2-2: Fielders Choice at 2nd, 6-4 (Groundball, 6, EV 104.4 MPH)
|
Top of the 1st over - 0 runs, 1 hit, 0 errors, 1 left on base; Erie 0 - Arkansas 0 |
BOTTOM OF THE 1ST |
Arkansas Travelers batting - Pitching for Erie SeaWolves : RHP Andy Thoennes
|
Pitching: RHP Andy Thoennes
|
|
Batting: RHB Mike Alm
|
0-0: Called Strike 0-1: Ball 1-1: Called Strike 1-2: Strikes out swinging
|
Batting: LHB Rusty Ney
|
0-0: Ground out 6-3 (Groundball, 6, EV 101.9 MPH)
|
Batting: RHB Oren Jones
|
0-0: Called Strike 0-1: Ball 1-1: Called Strike 1-2: Ball 2-2: Ball 3-2: SINGLE (Flyball, 5D, EV 98.1 MPH)
|
Batting: RHB Luis Romero
|
0-0: Foul Ball, location: 2F 0-1: Foul Ball, location: 2F 0-2: Foul Ball, location: 2F 0-2: Ball 1-2: Ball 2-2: Ball 3-2: Ground out 2-3 (Groundball, 2L, EV 65.0 MPH)
|
Bottom of the 1st over - 0 runs, 1 hit, 0 errors, 1 left on base; Erie 0 - Arkansas 0 |
TOP OF THE 2ND |
Erie SeaWolves batting - Pitching for Arkansas Travelers : RHP Harambe Vick
|
Batting: SHB Andy Vivas
|
0-0: SINGLE (Groundball, 56D, EV 110.0 MPH)
|
Batting: LHB Takuya Uchida
|
0-0: Ball 1-0: Ball 2-0: Called Strike 2-1: Ball 3-1: Foul Ball, location: 2F 3-2: Strikes out swinging
|
Batting: LHB Howie Gutierrez
|
0-0: Called Strike 0-1: Ball 1-1: Ball 2-1: Ball 3-1: Called Strike 3-2: Foul Ball, location: 2F 3-2: Foul Ball, location: 2F 3-2: Fielders Choice at 2nd, 4-6 (Groundball, 4, EV 79.4 MPH)
|
Batting: RHB Miguel Nunez
|
0-0: Ball 1-0: Called Strike 1-1: Ground out 6-3 (Groundball, P, EV 80.6 MPH)
|
Top of the 2nd over - 0 runs, 1 hit, 0 errors, 1 left on base; Erie 0 - Arkansas 0 |
BOTTOM OF THE 2ND |
Arkansas Travelers batting - Pitching for Erie SeaWolves : RHP Andy Thoennes
|
Batting: RHB Jose Pineda
|
0-0: Swinging Strike 0-1: Ball 1-1: Fly out, F9 (Flyball, 9LM, EV 89.4 MPH)
|
Batting: RHB Ryan Pelletier
|
0-0: Called Strike 0-1: Swinging Strike 0-2: Ball 1-2: Strikes out looking
|
Batting: SHB Ivan Barry
|
0-0: Called Strike 0-1: Ball 1-1: Ball 2-1: Fly out, F7 (Line Drive, 7, EV 99.4 MPH)
|
Bottom of the 2nd over - 0 runs, 0 hits, 0 errors, 0 left on base; Erie 0 - Arkansas 0 |
TOP OF THE 3RD |
Erie SeaWolves batting - Pitching for Arkansas Travelers : RHP Harambe Vick
|
Batting: LHB Adam Lancaster
|
0-0: Swinging Strike 0-1: Ball 1-1: Ball 2-1: SINGLE (Flyball, 34D, EV 90.6 MPH)
|
Batting: SHB Adam Weber
|
0-0: Fly out, F5 (Popup, 56S, EV 86.2 MPH)
|
Batting: LHB Freddy Troncoso
|
0-0: Ball 1-0: Ball 2-0: Called Strike 2-1: SINGLE (Groundball, 56, EV 106.9 MPH) Adam Lancaster to second
|
Batting: RHB Joel Miller
|
0-0: Grounds into double play, 5-4-3 (Groundball, 5, EV 76.2 MPH)
|
Top of the 3rd over - 0 runs, 2 hits, 0 errors, 1 left on base; Erie 0 - Arkansas 0 |
BOTTOM OF THE 3RD |
Arkansas Travelers batting - Pitching for Erie SeaWolves : RHP Andy Thoennes
|
Batting: LHB Barrfhionn O'Toole
|
0-0: Foul Ball, location: 2F 0-1: Ball 1-1: Ball 2-1: Ball 3-1: Base on Balls
|
Batting: RHB Tsega Haida
|
0-0: Ball Barrfhionn O'Toole is caught stealing 2nd base 2-4 1-0: Ground out 1-3 (Groundball, 15S, EV 70.0 MPH)
|
Batting: RHB Mike Alm
|
0-0: Ball 1-0: Called Strike 1-1: Ball 2-1: Foul Ball, location: 2F 2-2: Ground out U3 (Groundball, 3, EV 91.9 MPH)
|
Bottom of the 3rd over - 0 runs, 0 hits, 0 errors, 0 left on base; Erie 0 - Arkansas 0 |
TOP OF THE 4TH |
Erie SeaWolves batting - Pitching for Arkansas Travelers : RHP Harambe Vick
|
Batting: RHB Eric Angelle
|
0-0: Called Strike 0-1: Foul Ball, location: 2F 0-2: Strikes out swinging
|
Batting: SHB Andy Vivas
|
0-0: Ball 1-0: Swinging Strike 1-1: Ball 2-1: Ball 3-1: Base on Balls
|
Batting: LHB Takuya Uchida
|
0-0: Called Strike 0-1: Foul Ball, location: 2F 0-2: Ball 1-2: Strikes out looking
|
Batting: LHB Howie Gutierrez
|
0-0: Ground out U3 (Groundball, 34S, EV 86.2 MPH)
|
Top of the 4th over - 0 runs, 0 hits, 0 errors, 1 left on base; Erie 0 - Arkansas 0 |
BOTTOM OF THE 4TH |
Arkansas Travelers batting - Pitching for Erie SeaWolves : RHP Andy Thoennes
|
Batting: LHB Rusty Ney
|
0-0: Called Strike 0-1: SOLO HOME RUN (Flyball, 89XD, EV 113.8 MPH), Distance : 410 ft
|
Batting: RHB Oren Jones
|
0-0: Ball 1-0: Ball 2-0: Ball 3-0: Called Strike 3-1: Fly out, F8 (Flyball, 8LS, EV 82.5 MPH)
|
Batting: RHB Luis Romero
|
0-0: Called Strike 0-1: Swinging Strike 0-2: Strikes out swinging
|
Batting: RHB Jose Pineda
|
0-0: Ball 1-0: Ground out 4-3 (Groundball, 4, EV 103.1 MPH)
|
Bottom of the 4th over - 1 run, 1 hit, 0 errors, 0 left on base; Erie 0 - Arkansas 1 |
TOP OF THE 5TH |
Erie SeaWolves batting - Pitching for Arkansas Travelers : RHP Harambe Vick
|
Batting: RHB Miguel Nunez
|
0-0: Swinging Strike 0-1: Foul Ball, location: 2F 0-2: Ground out 4-3 (Groundball, 34, EV 81.9 MPH)
|
Batting: LHB Adam Lancaster
|
0-0: Swinging Strike 0-1: Ground out 4-3 (Groundball, 4, EV 83.1 MPH)
|
Batting: SHB Adam Weber
|
0-0: Ball 1-0: Ball 2-0: Ball 3-0: Called Strike 3-1: Swinging Strike 3-2: Ground out U3 (Groundball, 34, EV 105.0 MPH)
|
Top of the 5th over - 0 runs, 0 hits, 0 errors, 0 left on base; Erie 0 - Arkansas 1 |
BOTTOM OF THE 5TH |
Arkansas Travelers batting - Pitching for Erie SeaWolves : RHP Andy Thoennes
|
Batting: RHB Ryan Pelletier
|
0-0: Called Strike 0-1: Ball 1-1: Ball 2-1: SINGLE (Line Drive, 78S, EV 88.8 MPH)
|
Batting: SHB Ivan Barry
|
0-0: Ball 1-0: Ball 2-0: Called Strike 2-1: Fielders Choice at 2nd, 4-6 (Groundball, 34, EV 101.9 MPH)
|
Batting: LHB Barrfhionn O'Toole
|
0-0: Ball 1-0: Called Strike 1-1: Ball 2-1: Swinging Strike 2-2: SINGLE (Groundball, 25, EV 69.4 MPH) (infield hit) Ivan Barry to second
|
Batting: RHB Tsega Haida
|
0-0: Ball 1-0: Ball 2-0: Ball 3-0: Called Strike 3-1: 3-RUN HOME RUN (Flyball, 7LD, EV 90.6 MPH), Distance : 335 ft
|
Batting: RHB Mike Alm
|
0-0: Swinging Strike 0-1: Ball 1-1: Ball 2-1: Foul Ball, location: 2F 2-2: Strikes out looking
|
Batting: LHB Rusty Ney
|
0-0: Called Strike 0-1: Ball 1-1: DOUBLE (Line Drive, 9LM, EV 106.9 MPH)
|
Batting: RHB Oren Jones
|
0-0: Called Strike 0-1: Ball 1-1: Called Strike 1-2: Foul Ball, location: 2F 1-2: Reached on error, E8 (Flyball, 8LM, EV 87.5 MPH) Rusty Ney scores
|
Batting: RHB Luis Romero
|
0-0: Foul Ball, location: 2F 0-1: Ball 1-1: Fly out, F9 (Flyball, 9S, EV 88.8 MPH)
|
Bottom of the 5th over - 4 runs, 4 hits, 1 error, 1 left on base; Erie 0 - Arkansas 5 |
TOP OF THE 6TH |
Erie SeaWolves batting - Pitching for Arkansas Travelers : RHP Harambe Vick
|
Batting: LHB Freddy Troncoso
|
0-0: Called Strike 0-1: Ball 1-1: Ball 2-1: Foul Ball, location: 2F 2-2: Strikes out swinging
|
Batting: RHB Joel Miller
|
0-0: Called Strike 0-1: Ball 1-1: Swinging Strike 1-2: Hit by Pitch
|
Batting: RHB Eric Angelle
|
0-0: Called Strike 0-1: Ball 1-1: Ball 2-1: Ball 3-1: Fly out, F8 (Flyball, 78D, EV 102.5 MPH)
|
Batting: SHB Andy Vivas
|
0-0: SINGLE (Line Drive, 3L, EV 95.6 MPH) Joel Miller to second
|
Batting: LHB Takuya Uchida
|
0-0: Ball 1-0: Called Strike 1-1: Foul Ball, location: 2F 1-2: Strikes out looking
|
Top of the 6th over - 0 runs, 1 hit, 0 errors, 2 left on base; Erie 0 - Arkansas 5 |
BOTTOM OF THE 6TH |
Arkansas Travelers batting - Pitching for Erie SeaWolves : RHP Andy Thoennes
|
Pitching: RHP John Harrell
|
|
Batting: RHB Jose Pineda
|
0-0: Foul Ball, location: 2F 0-1: Swinging Strike 0-2: Strikes out swinging
|
Batting: RHB Ryan Pelletier
|
0-0: Swinging Strike 0-1: Foul Ball, location: 2F 0-2: Strikes out swinging
|
Batting: SHB Ivan Barry
|
0-0: Ground out 1-3 (Groundball, 13S, EV 64.4 MPH)
|
Bottom of the 6th over - 0 runs, 0 hits, 0 errors, 0 left on base; Erie 0 - Arkansas 5 |
TOP OF THE 7TH |
Erie SeaWolves batting - Pitching for Arkansas Travelers : RHP Harambe Vick
|
Pitching: RHP Luis Diaz
|
|
Batting: LHB Howie Gutierrez
|
0-0: Ball 1-0: Ball 2-0: Ball 3-0: Called Strike 3-1: Foul Ball, location: 2F 3-2: Ground out U3 (Groundball, 3, EV 81.9 MPH)
|
Batting: RHB Miguel Nunez
|
0-0: Foul Ball, location: 2F 0-1: Ball 1-1: DOUBLE (Line Drive, 8RXD, EV 106.9 MPH)
|
Batting: LHB Adam Lancaster
|
0-0: Foul Ball, location: 2F 0-1: Ground out U3 (Groundball, 3, EV 82.5 MPH) Miguel Nunez to third
|
Batting: SHB Adam Weber
|
0-0: Ball 1-0: Foul Ball, location: 2F 1-1: Foul Ball, location: 2F 1-2: Strikes out swinging
|
Top of the 7th over - 0 runs, 1 hit, 0 errors, 1 left on base; Erie 0 - Arkansas 5 |
BOTTOM OF THE 7TH |
Arkansas Travelers batting - Pitching for Erie SeaWolves : RHP John Harrell
|
Batting: LHB Barrfhionn O'Toole
|
0-0: Ball 1-0: Ball 2-0: Called Strike 2-1: Swinging Strike 2-2: Ground out 4-3 (Groundball, 34, EV 90.6 MPH)
|
Batting: RHB Tsega Haida
|
0-0: Ball 1-0: Called Strike 1-1: Called Strike 1-2: Fly out, F8 (Flyball, 8LM, EV 84.4 MPH)
|
Batting: RHB Mike Alm
|
0-0: Ball 1-0: Fly out, F5 (Popup, 5S, EV 68.1 MPH)
|
Bottom of the 7th over - 0 runs, 0 hits, 0 errors, 0 left on base; Erie 0 - Arkansas 5 |
TOP OF THE 8TH |
Erie SeaWolves batting - Pitching for Arkansas Travelers : RHP Luis Diaz
|
Batting: LHB Freddy Troncoso
|
0-0: Called Strike 0-1: SINGLE (Groundball, 4MD, EV 102.5 MPH)
|
Pitching: LHP Paul Griffin
|
|
Batting: RHB Joel Miller
|
0-0: Ball 1-0: Called Strike 1-1: Foul Ball, location: 2F 1-2: 2-RUN HOME RUN (Flyball, 78XD, EV 106.2 MPH), Distance : 431 ft
|
Batting: RHB Eric Angelle
|
0-0: Fly out, F9 (Line Drive, 89M, EV 88.8 MPH)
|
Batting: SHB Andy Vivas
|
0-0: Called Strike 0-1: Fly out, F7 (Flyball, 7LD, EV 106.2 MPH)
|
Pinch Hitting: RHB Bill Cabrera
|
0-0: Swinging Strike 0-1: Ball 1-1: Ball 2-1: SINGLE (Groundball, 6, EV 100.0 MPH)
|
Batting: LHB Howie Gutierrez
|
0-0: Ball 1-0: Swinging Strike 1-1: Ball 2-1: Foul Ball, location: 2F 2-2: Strikes out swinging
|
Top of the 8th over - 2 runs, 3 hits, 0 errors, 1 left on base; Erie 2 - Arkansas 5 |
BOTTOM OF THE 8TH |
Arkansas Travelers batting - Pitching for Erie SeaWolves : RHP John Harrell
|
Pitching: RHP Vic Flores
|
|
Now at 1B: Eric Angelle
|
|
Now in LF: Mike Olsen
|
|
Batting: LHB Rusty Ney
|
0-0: Ball 1-0: Foul Ball, location: 2F 1-1: Ball 2-1: Ball 3-1: Base on Balls
|
Batting: RHB Oren Jones
|
0-0: Ball Rusty Ney is caught stealing 2nd base 2-4 1-0: SINGLE (Flyball, 78S, EV 95.0 MPH)
|
Batting: RHB Luis Romero
|
0-0: Ball 1-0: Swinging Strike 1-1: Ball 2-1: Ball 3-1: Foul Ball, location: 2F 3-2: Base on Balls Oren Jones to second
|
Batting: RHB Jose Pineda
|
0-0: Called Strike 0-1: Grounds into double play, 4-6-3 (Groundball, 4, EV 103.1 MPH)
|
Bottom of the 8th over - 0 runs, 1 hit, 0 errors, 1 left on base; Erie 2 - Arkansas 5 |
TOP OF THE 9TH |
Erie SeaWolves batting - Pitching for Arkansas Travelers : LHP Paul Griffin
|
Pitching: RHP Eric Cunningham
|
|
Batting: RHB Miguel Nunez
|
0-0: Ball 1-0: Reached via error on a dropped throw from SS, E3 (Groundball, 6M, EV 86.9 MPH)
|
Batting: LHB Adam Lancaster
|
0-0: Called Strike 0-1: Foul Ball, location: 2F 0-2: Ball 1-2: Foul Ball, location: 2F 1-2: Ball 2-2: Strikes out looking
|
Batting: SHB Adam Weber
|
0-0: DOUBLE (Flyball, 8LXD, EV 88.8 MPH) Miguel Nunez to third
|
Batting: LHB Freddy Troncoso
|
0-0: Foul Ball, location: 2F 0-1: Foul Ball, location: 2F 0-2: Foul Ball, location: 2F 0-2: Foul Ball, location: 2F 0-2: Ball 1-2: Fly out, F8 (Flyball, 8RS, EV 93.8 MPH)
|
Batting: RHB Joel Miller
|
0-0: DOUBLE (Line Drive, 8RD, EV 86.9 MPH) Miguel Nunez scores Adam Weber scores
|
Batting: RHB Eric Angelle
|
0-0: Called Strike 0-1: Ball 1-1: TRIPLE (Flyball, 8RXD, EV 105.0 MPH) Joel Miller scores
|
Batting: SHB Andy Vivas
|
0-0: Intentional Walk
|
Batting: RHB Mike Olsen
|
0-0: Ground out U3 (Groundball, 34S, EV 84.4 MPH)
|
Top of the 9th over - 3 runs, 3 hits, 1 error, 2 left on base; Erie 5 - Arkansas 5 |
BOTTOM OF THE 9TH |
Arkansas Travelers batting - Pitching for Erie SeaWolves : RHP Vic Flores
|
Batting: LHB Nick Isaac
|
0-0: Ball 1-0: Foul Ball, location: 2F 1-1: Foul Ball, location: 2F 1-2: Ball 2-2: Ball 3-2: Base on Balls
|
Batting: SHB Ivan Barry
|
0-0: Sac Bunt to 15S - play at first, batter OUT! 1-4 Nick Isaac to second
|
Batting: LHB Barrfhionn O'Toole
|
0-0: Called Strike 0-1: Called Strike 0-2: Ball 1-2: Ball 2-2: DOUBLE (Flyball, 8LXD, EV 102.5 MPH) Nick Isaac scores
|
Bottom of the 9th over - 1 run, 1 hit, 0 errors, 0 left on base; Erie 5 - Arkansas 6 |
|
Game Over ... Arkansas defeats Erie, 6 to 5
|
|
|